 Dungeon Crawl Stone Soup version 0.26-a0-6-g448add79b7 (webtiles) character file.

Game seed: 15960430587479558520, levelgen mode: deterministic

11757 azhores the Cleaver (level 11, -1/81 HPs)
             Began as an Octopode Chaos Knight on May 24, 2020.
             Was a Plaything of Xom.
             Slain by a tengu warrior
             ... wielding a +1 vorpal great mace
              (7 damage)
             ... on level 11 of the Dungeon.
             The game lasted 00:21:06 (13686 turns).

azhores the Cleaver (Octopode Chaos Knight)        Turns: 13686, Time: 00:21:06

Health: -1/81      AC:  3    Str: 12 (13) XL:     11   Next: 82%
Magic:  15/15      EV: 20    Int: 15      God:    Xom [......]
Gold:   696        SH:  0    Dex:  9      Spells: 2/10 levels left

rFire    + + .     SeeInvis .   U - +2 broad axe (vorpal)
rCold    + . .     Gourm    .   (no shield)
rNeg     . . .     Faith    .   (helmet restricted)
rPois    .         Spirit   .   C - amulet of the acrobat
rElec    +         Reflect  .   d - +4 ring of evasion
rCorr    .         Harm     .   k - ring of protection from magic
MR       +....                  R - ring of protection from fire
Stlth    ++........             (no ring)
HPRegen  0.23/turn              (no ring)
MPRegen  0.14/turn              (no ring)
                                (no ring)
                                (no ring)

@: lightly drained
A: almost no armour, stealthy swim, amphibious, 8 rings, constrict 8, yellow
scales 1, camouflage 1, clumsy 2, cold resistance 1, fire resistance 1,
electricity resistance, gelatinous body 1, evolution 1
a: Renounce Religion


You were on level 11 of the Dungeon.
You worshipped Xom.
You were a very special plaything of Xom.
You were near starving.

You visited 1 branch of the dungeon, and saw 11 of its levels.
You also visited: Bailey.

You collected 1176 gold pieces.
You spent 480 gold pieces at shops.

Inventory:

Hand Weapons
 h - a +2 flail of holy wrath
 p - a +0 vorpal war axe
 v - a +0 trident
 G - a +0 flail of protection
 J - a +0 morningstar
 L - the +8 war axe of the Cup {vorpal, SInv, unknown}
   (You found it on level 11 of the Dungeon)

   It inflicts extra damage upon your enemies.
   It lets you see invisible.
 P - a +2 flail of draining
 U - a +2 vorpal broad axe (weapon)
Missiles
 j - 273 arrows
 m - a boomerang of dispersal
 E - 19 poisoned darts (quivered)
 Y - 7 throwing nets {!f}
Magical Staves
 y - an uncursed staff of fire
Jewellery
 d - a +4 ring of evasion (left tentacle)
 f - an uncursed amulet of reflection
 k - a ring of protection from magic (right tentacle)
 l - an uncursed ring of fire
 C - an amulet of the acrobat (around mantle)
 R - a ring of protection from fire (on tentacle)
 S - an uncursed ring of wizardry {unknown}
Wands
 a - a wand of flame (9)
 g - a wand of random effects (24)
 H - a wand of iceblast (11)
 M - a wand of acid (13)
 N - a wand of disintegration (13)
 V - a wand of polymorph (7)
 Z - a wand of paralysis (2)
Scrolls
 c - 2 scrolls of enchant armour
 e - 4 scrolls of remove curse {@r2}
 o - a scroll of blinking
 t - a scroll of enchant weapon {unknown}
 D - 3 scrolls of immolation
 F - 2 scrolls of fog
 K - a scroll of summoning
 Q - a scroll of torment {unknown}
 W - 3 scrolls of amnesia
Potions
 i - 3 potions of cancellation
 q - 2 potions of resistance
 r - 2 potions of lignification {unknown}
 u - a potion of stabbing {unknown}
 w - 2 potions of magic
 x - 4 potions of degeneration {unknown}
 B - 3 potions of curing {unknown}
 I - a potion of might {unknown}
 O - 2 potions of haste
 T - 2 potions of heal wounds {unknown}
Miscellaneous
 z - a box of beasts
 A - a phantom mirror
Comestibles
 b - 30 rations


   Skills:
 - Level 10.0 Fighting
 * Level 13.7 Axes
 - Level 3.0(9.5) Polearms
 - Level 7.0(6.9) Dodging
 - Level 6.0(5.9) Evocations


You had 2 spell levels left.
You knew the following spells:

 Your Spells              Type           Power        Failure   Level  Hunger
a - Sticks to Snakes      Tmut           #.......     38%         2    ###....
b - Statue Form           Tmut/Erth      #........    100%        6    #######

Your spell library contained the following spells:

 Spells                   Type           Power        Failure   Level  Hunger
 Beastly Appendage        Tmut           #.....       26%         1    ##.....
 Corona                   Hex            #......      26%         1    ##.....
 Foxfire                  Conj/Fire      #...         26%         1    ##.....
 Ensorcelled Hibernation  Hex/Ice        #.....       38%         2    ###....
 Confusing Touch          Hex            #.......     63%         3    ####...
 Conjure Flame            Conj/Fire      #.......     63%         3    ####...
 Dazzling Flash           Conj/Hex       #.....       63%         3    ####...
 Gell's Gravitas          Tloc           #.........   63%         3    ####...
 Inner Flame              Hex/Fire       #.......     63%         3    ####...
 Spider Form              Tmut/Pois      #.........   63%         3    ####...
 Tukima's Dance           Hex            #.......     63%         3    ####...
 Ice Form                 Ice/Tmut       #.......     95%         4    #####..
 Petrify                  Tmut/Erth      #.......     95%         4    #####..
 Sticky Flame             Conj/Fire      #.......     95%         4    #####..
 Blade Hands              Tmut           #.........   100%        5    ######.
 Fireball                 Conj/Fire      #.........   100%        5    ######.
 Irradiate                Conj/Tmut      #.........   100%        5    ######.
 Metabolic Englaciation   Hex/Ice        #.........   100%        5    ######.
 Yara's Violent Unravell  Hex/Tmut       #.........   100%        5    ######.
 Hydra Form               Tmut           #.........   100%        6    #######
 Dragon Form              Tmut           #.........   100%        7    #######


Dungeon Overview and Level Annotations

Branches:
Dungeon (11/15)            Temple (0/1) D:6            Lair (0/6) D:9
    Orc (0/2) D:11         Bailey (visited)

Altars:
Elyvilon
Fedhas
Nemelex Xobeh
Qazlal
Sif Muna
Vehumet
Xom
The Shining One

Shops:
D:6 *   D:8 ?   D:9 %   D:10 (

Annotations:
D:8 Gastronok
D:11 1 runed translucent door


Innate Abilities, Weirdness & Mutations

You cannot wear most types of armour.
You are very stealthy in the water. (Stealth+)
You are amphibious.
You can wear up to eight rings at the same time.
You can use your tentacles to constrict eight enemies at once.
Your skin changes colour to match your surroundings (Stealth+).
Your rubbery body absorbs attacks. (AC +1, EV +1)
You are partially covered in yellow scales. (AC +2)
You are very clumsy. (Dex -4)
Your flesh is cold resistant. (rC+)
Your flesh is heat resistant. (rF+)
You are resistant to electric shocks. (rElec)
You evolve.


Message History

You barely miss the tengu warrior. You grab the tengu warrior.
You constrict the tengu warrior, but do no damage.
You hear Xom's maniacal laughter.
You feel weakened.
You hit the tengu warrior.
You squeeze the tengu warrior, but do no damage.
You constrict the tengu warrior.
The tengu warrior hits you with a +1 vorpal great mace.
The tengu warrior completely misses you.
The tengu warrior misses you.
You hit the tengu warrior. You constrict the tengu warrior.
The tengu warrior hits you with a +1 vorpal great mace!
The tengu warrior misses you. The tengu warrior barely misses you.
You hit the tengu warrior. Your squeeze misses the tengu warrior.
You constrict the tengu warrior, but do no damage.
The tengu warrior hits you with a +1 vorpal great mace!!
* * * LOW HITPOINT WARNING * * *
x2 The tengu warrior pecks you!
You die...
Xom guffaws!

#.# #..((.)))....(......
#.###.)##########################
#.##..#...## ##....#)...%#.......
...#.##....###.....##...##...##
#.#..##.#...#...#.#†#...#.....#
#.#.##...#.....##.#.##Z##..#..##
#...#.#.#.#...###.##.#W#......Q#
##.###...###.####Q##.#+#.##.##.##
...#..#.#..#.###@#.##.†.).....(.#
..##.#...#.#.##.###.#.H.#.....#.#
..#...#.#....#.## #Q#..#.#.#Q#..
..#..#...#....## ##.....#.#.F..
...############ #############
.......... .......... ##########


You could see a tengu warrior.

Vanquished Creatures
  Pikel (D:7)
  An orc knight (D:11)
  An ugly thing (D:11)
  A salamander (shapeshifter) (D:11)
  A gargoyle (D:11)
  Maurice (D:11)
  Maggie (D:7)
  A hippogriff (D:10)
  A wyvern (D:11)
  2 yaks
  A human (D:10)
  3 hogs (D:10)
  A basilisk (D:9)
  A steam dragon (D:9)
  A black bear (D:6)
  3 sky beasts
  3 orc warriors
  A slave (D:7)
  6 ogres
  A centaur (D:10)
  3 bullfrogs
  9 gnoll sergeants
  3 jellies
  A scorpion (D:10)
  3 wights (D:10)
  2 howler monkeys
  5 crimson imps
  2 bullfrog zombies
  5 hounds
  7 orc wizards
  3 orc priests
  5 gnoll shamans (Bailey)
  2 centaur skeletons
  2 bullfrog skeletons
  Terence (D:2)
  2 iguanas
  Natasha (thrice) (D:2)
  11 worker ants
  A howler monkey zombie (D:9)
  7 adders
  20 gnolls
  A howler monkey skeleton (D:10)
  4 shadow imps
  2 oozes
  3 adder skeletons
  6 worms
  A dart slug (D:3)
  6 leopard geckos
  34 orcs
  9 bats
  9 giant cockroaches
  7 goblins
  4 hobgoblins
  17 jackals
  4 kobolds
  2 quokkas (D:4)
  2 ball pythons
  12 frilled lizards
  A jackal skeleton (D:5)
  A quokka skeleton (D:7)
  10 rats
264 creatures vanquished.

Vanquished Creatures (collateral kills)
  A hippogriff (D:9)
  An ice beast (D:6)
  An orc warrior (D:6)
  A jelly (D:5)
  An orc priest (D:6)
  A hound (Bailey)
  A gnoll shaman (Bailey)
  An orc wizard (D:6)
  2 gnolls (Bailey)
  4 orcs
  A fungus (D:9)
15 creatures vanquished.

Vanquished Creatures (others)
  A slave (D:7)
  An orc wizard (D:7)
  An adder (D:7)
  2 orcs (D:7)
  A bat (D:2)
  A jackal skeleton (D:7)
7 creatures vanquished.

Grand Total: 286 creatures vanquished

Notes
Turn   | Place    | Note
-------+----------+-------------------------------------------
     0 | D:1      | azhores the Octopode Chaos Knight began the quest for the
                  | Orb.
     0 | D:1      | Reached XP level 1. HP: 16/16 MP: 1/1
    53 | D:1      | Reached XP level 2. HP: 7/21 MP: 2/2
   403 | D:1      | XOM: silly message
   749 | D:1      | Reached XP level 3. HP: 27/27 MP: 3/3
   866 | D:1      | XOM: divination: detect creatures
   914 | D:2      | Noticed Terence
   924 | D:2      | Killed Terence
  1295 | D:2      | Reached XP level 4. HP: 33/33 MP: 4/4
  1393 | D:2      | Found a glowing golden altar of the Shining One.
  1603 | D:2      | Noticed Natasha
  1618 | D:2      | XOM: butterfly on damage
  1626 | D:2      | Killed Natasha
  1989 | D:2      | Noticed Natasha
  2041 | D:2      | Killed Natasha
  2041 | D:2      | Reached XP level 5. HP: 23/38 MP: 5/5
  2060 | D:2      | Reached skill level 5 in Fighting
  2226 | D:2      | Found a stormy altar of Qazlal.
  2310 | D:2      | Noticed Natasha
  2424 | D:2      | Killed Natasha
  3156 | D:3      | Reached XP level 6. HP: 45/45 MP: 6/6
  3635 | D:4      | XOM: butterfly on damage
  3649 | D:4      | XOM: divination: detect creatures
  3911 | D:4      | XOM: 2-stop teleportation journey
  3960 | D:4      | XOM: scenery: create altars
  4170 | D:4      | XOM: divination: magic mapping
  4236 | D:4      | Found a blossoming altar of Fedhas.
  4626 | D:4      | XOM: confusion (+ monsters)
  4850 | D:4      | XOM: god gift: 11 poisoned darts
  4859 | D:5      | Entered Level 5 of the Dungeon
  4869 | D:5      | Reached XP level 7. HP: 53/53 MP: 7/7
  4880 | D:5      | XOM: enchant monster (bad)
  4890 | D:5      | XOM: smoke on damage
  4900 | D:5      | XOM: summons friendly ufetubus
  4940 | D:5      | XOM: cloud trail
  4946 | D:5      | XOM: god gift: 21 gold pieces
  5187 | D:5      | XOM: fog
  5271 | D:5      | Reached skill level 5 in Dodging
  5405 | D:5      | Found a white marble altar of Elyvilon.
  5414 | D:5      | XOM: 3-stop teleportation journey
  5457 | D:5      | XOM: summons friendly crimson imp
  5576 | D:5      | XOM: polymorph crimson imp -> iron imp
  5750 | D:6      | XOM: divination: detect creatures
  5754 | D:6      | Reached XP level 8. HP: 61/61 MP: 8/8
  5898 | D:6      | XOM: cast spell 'Monstrous Menagerie'
  5906 | D:6      | XOM: summons 4 hostile shadow creatures
  6159 | D:6      | XOM: polymorph orc wizard -> gnoll
  6169 | D:6      | XOM: stat loss: -1 Str (12/13)
  6217 | D:6      | XOM: 1-stop teleportation journey
  6255 | D:6      | Found a staircase to the Ecumenical Temple.
  6316 | D:6      | Found Zishitotom's Assorted Antiques.
  6319 | D:6      | Bought a runed brass wand for 88 gold pieces
  6319 | D:6      | Bought a scroll labeled PAMMIMEOTAA for 22 gold pieces
  6319 | D:6      | Bought a scroll labeled GIES ADUQOTAKO for 22 gold pieces
  6319 | D:6      | Bought a moonstone ring for 110 gold pieces
  6319 | D:6      | Bought a blue potion for 19 gold pieces
  6319 | D:6      | Bought a scroll of identify for 44 gold pieces
  6383 | D:6      | XOM: chaos upgrade
  6398 | D:6      | XOM: blink monster(s)
  6411 | D:6      | Reached skill level 1 in Evocations
  6636 | D:6      | XOM: summons 1 hostile demon
  6889 | D:6      | Found a shimmering blue altar of Sif Muna.
  7037 | D:6      | XOM: silly message
  7185 | D:6      | Found a shimmering blue altar of Sif Muna.
  7277 | D:6      | Found a staircase to the Ecumenical Temple.
  7321 | D:6      | Found Zishitotom's Assorted Antiques.
  7639 | D:7      | XOM: noise
  7643 | D:7      | XOM: noise
  7855 | D:7      | Noticed Pikel
  7872 | D:7      | XOM: butterfly on damage
  7874 | D:7      | Killed Pikel
  7874 | D:7      | Reached XP level 9. HP: 6/69 MP: 9/11
  8003 | D:7      | XOM: 2-stop teleportation journey
  8033 | D:7      | XOM: give mutations
  8033 | D:7      | Gained mutation: You are resistant to electric shocks.
                  | (rElec) [Xom's mischief]
  8033 | D:7      | Gained mutation: You are clumsy. (Dex -2) [Xom's mischief]
  8033 | D:7      | Gained mutation: You are very clumsy. (Dex -4) [Xom's
                  | mischief]
  8291 | D:7      | XOM is BORED!
  8291 | D:7      | XOM: 8-stop teleportation journey
  8724 | D:7      | Noticed Maggie
  8725 | D:7      | XOM: scenery: create altars
  8728 | D:7      | Killed Maggie
  8728 | D:7      | Reached skill level 10 in Fighting
  8728 | D:7      | Reached skill level 5 in Evocations
  9207 | D:8      | Found Cehounge's Magic Scroll Shop.
  9208 | D:8      | Noticed Gastronok
  9218 | D:8      | Found a flagged portal.
  9225 | D:8      | XOM: potion effect (invisibility)
  9229 | Bailey   | Entered a bailey
  9234 | Bailey   | XOM: enchant monster (good)
  9337 | Bailey   | XOM: enchant monster (bad)
  9343 | Bailey   | Reached skill level 1 in Axes
  9394 | Bailey   | Reached skill level 2 in Axes
  9687 | Bailey   | Reached skill level 3 in Axes
  9925 | Bailey   | Reached skill level 4 in Axes
  9936 | Bailey   | XOM: god gift: leatherbound book {god gift}
 10061 | Bailey   | XOM: give mutations
 10061 | Bailey   | Gained mutation: Your flesh is cold resistant. (rC+) [Xom's
                  | grace]
 10061 | Bailey   | Gained mutation: You evolve. [Xom's grace]
 10061 | Bailey   | Gained mutation: Your flesh is heat resistant. (rF+) [Xom's
                  | grace]
 10063 | Bailey   | Reached XP level 10. HP: 56/76 MP: 14/14
 10305 | D:8      | Reached skill level 5 in Axes
 10321 | D:8      | Learned a level 2 spell: Sticks to Snakes
 10328 | D:8      | Learned a level 6 spell: Statue Form
 10461 | D:8      | Found a sparkling altar of Nemelex Xobeh.
 10469 | D:8      | XOM: potion effect (experience)
 10469 | D:8      | Reached skill level 11 in Axes
 10469 | D:8      | Reached XP level 11. HP: 81/81 MP: 15/15
 10734 | D:9      | Found a staircase to the Lair.
 10738 | D:9      | XOM: 1-stop teleportation journey
 10779 | D:9      | Found a radiant altar of Vehumet.
 10835 | D:9      | XOM: polymorph centaur -> steam dragon
 10918 | D:9      | XOM: god gift: dagger {god gift}
 11003 | D:9      | XOM: cleaving
 11008 | D:9      | XOM: cast spell 'Death Channel'
 11060 | D:9      | Gained mutation: You are partially covered in yellow
                  | scales. (AC +2) [evolution]
 11103 | D:9      | Found a glowing golden altar of the Shining One.
 11184 | D:9      | Found Xeiwadgh's Food Shoppe.
 11271 | D:9      | XOM: 1-stop teleportation journey
 11289 | D:10     | Entered Level 10 of the Dungeon
 11292 | D:10     | XOM: fog
 11295 | D:10     | Reached skill level 12 in Axes
 11579 | D:10     | Found Ather's Antique Weapon Boutique.
 11582 | D:10     | Bought a runed war axe for 175 gold pieces
 11968 | D:10     | XOM: god gift: box of beasts
 12322 | D:10     | XOM: summons 6 hostile demons
 12913 | D:11     | Got a crude war axe
 12983 | D:11     | Noticed Maurice
 12994 | D:11     | Killed Maurice
 13018 | D:11     | Noticed an orc knight
 13069 | D:11     | Found a staircase to the Orcish Mines.
 13147 | D:11     | Reached skill level 13 in Axes
 13147 | D:11     | XOM: silly message
 13160 | D:11     | XOM: draining
 13161 | D:11     | Killed an orc knight
 13337 | D:11     | Noticed a brown ugly thing
 13344 | D:11     | Found a runed translucent door.
 13350 | D:11     | Noticed a white ugly thing
 13366 | D:11     | Killed a white ugly thing
 13397 | D:11     | Noticed a salamander
 13397 | D:11     | Noticed a tengu warrior
 13397 | D:11     | Noticed a green ugly thing
 13397 | D:11     | Noticed an orc knight
 13415 | D:11     | XOM: blink monster(s)
 13424 | D:11     | Killed a salamander
 13436 | D:11     | XOM: 4-stop teleportation journey
 13683 | D:11     | XOM: stat loss: -1 Str (12/13)
 13686 | D:11     | Slain by a tengu warrior

Illustrated notes

Levels and vault maps discovered:
D:1:      onia_arrival_handbag, layout_basic
D:2:      minmay_angry_zag, layout_loops_corners, marbit_many_paths,
          nicolae_overflow_crystal_walls, first_ration, serial_forest,
          infiniplex_forest_clump_double, infiniplex_forest_straight_3,
          infiniplex_forest_clump_curved, infiniplex_forest_lined_2,
          infiniplex_forest_lined_2, infiniplex_forest_straight_2,
          infiniplex_forest_lined_room_2, infiniplex_forest_straight_3,
          uniq_natasha, uniq_terence
D:3:      layout_basic, nicolae_overflow_hidden_temple, minmay_misc_feat_chi,
          eino_tiny_chamber, minmay_pentangle
D:4:      layout_rooms, overflow_temple_1_default, minmay_circle_x
D:5:      layout_rooms, lemuel_doored_altar
D:6:      layout_loops_ring, led_sif_pool, temple_pool_b, serial_shops, shop,
          minmay_diced_spiral
D:7:      layout_loops_corners, uniq_maggie, uniq_pikel
D:8:      layout_rooms, kennysheep_mini_moat, lemuel_crystal_altar,
          enter_bailey_6, serial_shops, shop_fountains, uniq_gastronok
D:9:      layout_roguey, vehumet_altar_wand_db, david_lair_generic, basic_altar,
          serial_shops, shop
D:10:     layout_basic, serial_shops, kennysheep_mini, bh_chokoban,
          grunt_livestock
D:11:     minmay_the_grid_triangle_9x9_line_8_mashed
          [minmay_the_grid_triangle_9x9_zippers_vertical,
          minmay_the_grid_triangle_9x9_sprig,
          minmay_the_grid_triangle_9x9_minimal,
          minmay_the_grid_triangle_9x9_subtriangle,
          minmay_the_grid_triangle_9x9_alien,
          minmay_the_grid_triangle_9x9_windchime,
          minmay_the_grid_triangle_9x9_wacky_v,
          minmay_the_grid_triangle_9x9_prize_insulated], layout_basic,
          orc_david_3, uniq_maurice

Skill      XL: |  1  2  3  4  5  6  7  8  9 10 11 |
---------------+----------------------------------+-----
Fighting       | 4 5 6 7 9 10 | 10.0
Dodging        | 3 4 5 6 7 |  7.0
Evocations     | 3 6 |  6.0
Axes           | 4 11 13 | 13.7
Polearms       | |  3.0

Action                   |  1- 3 |  4- 6 |  7- 9 | 10-12 || total
-------------------------+-------+-------+-------+-------++-------
Melee: Spear             |    55 |   146 |       |       ||   201
       Tentacles         |    10 |    24 |    55 |    36 ||   125
       Constrict         |     9 |    35 |    70 |    42 ||   156
       Short sword       |       |    29 |   231 |       ||   260
       Broad axe         |       |       |    55 |   209 ||   264
Throw: Javelin           |     3 |     3 |       |       ||     6
       Throwing net      |       |     1 |     1 |       ||     2
       Dart              |       |       |     6 |     1 ||     7
Evoke: Wand              |       |       |    19 |     6 ||    25
  Use: Potion            |       |     1 |       |       ||     1
       Scroll            |       |     5 |     6 |     5 ||    16
 Stab: Sleeping          |    11 |    10 |     2 |     1 ||    24
       Paralysed         |     1 |       |       |     6 ||     7
       Confused          |       |     1 |       |       ||     1
       Distracted        |       |       |       |     1 ||     1
  Eat: Chunk             |     1 |    11 |    12 |     8 ||    32
       Ration            |       |       |     1 |     1 ||     2
Armor: Skin              |     1 |     2 |     6 |    13 ||    22
Dodge: Dodged            |    18 |    94 |   215 |   162 ||   489
Block: Other             |       |       |    60 |    23 ||    83
       Reflection        |       |       |       |     1 ||     1

Table legend:
 A = Non-vault XP
 B = Vault XP
 C = Vault XP percentage of total XP
 D = Non-vault monster count
 E = Vault monster count
 F = Vault count percentage of total count
                 A         B        C        D         E       F
            +---------+---------+-------+---------+---------+-------
      Total |    4865 |    7006 |  59.0 |     201 |      77 |  27.7
            +---------+---------+-------+---------+---------+-------
        D:1 |      29 |      10 |  25.6 |      18 |       4 |  18.2
        D:2 |     118 |      77 |  39.5 |      22 |       5 |  18.5
        D:3 |      85 |      39 |  31.5 |      18 |       6 |  25.0
        D:4 |     243 |       3 |   1.2 |      23 |       1 |   4.2
        D:5 |     492 |       0 |   0.0 |      19 |       0 |   0.0
        D:6 |     906 |      45 |   4.7 |      30 |       4 |  11.8
        D:7 |     500 |    1030 |  67.3 |      16 |       2 |  11.1
        D:8 |     326 |       0 |   0.0 |       7 |       0 |   0.0
        D:9 |     545 |     591 |  52.0 |      16 |       4 |  20.0
       D:10 |    1273 |    1009 |  44.2 |      25 |       5 |  16.7
       D:11 |     348 |    3109 |  89.9 |       7 |      16 |  69.6
     Bailey |       0 |    1093 | 100.0 |       0 |      30 | 100.0
            +---------+---------+-------+---------+---------+-------
